 Dungeon Crawl Stone Soup version 0.20.1-1-g8b1a95d (webtiles) character file.

248 vishdafish the Shield-Bearer (level 5, -7/41 HPs)
             Began as a Demonspawn Fighter on July 3, 2017.
             Was a Follower of Nemelex Xobeh.
             Killed by divine providence
             ... invoked by an orc priest
              (17 damage)
             ... on level 4 of the Dungeon.
             The game lasted 00:04:49 (2966 turns).

vishdafish the Shield-Bearer (Demonspawn Fighter)   Turns: 2966, Time: 00:04:50

Health: -7/41      AC: 12    Str: 17    XL:     5   Next: 86%
Magic:  7/7        EV:  7    Int:  9    God:    Nemelex Xobeh [*.....]
Gold:   242        SH:  9    Dex: 13    Spells: 4/4 levels left

rFire    . . .     SeeInvis .   a - +0 trident
rCold    . . .     Gourm    .   c - +0 shield
rNeg     . . .     Faith    .   b - +0 scale mail
rPois    .         Spirit   .   (no helmet)
rElec    .         Reflect  .   (no cloak)
rCorr    .         Harm     .   (no gloves)
MR       .....                  (no boots)
Stlth    ..........             (no amulet)
Regen    0.2/turn               (no ring)
MPRegen  0.1/turn               (no ring)

@: sanguine armour
A: hooves 1, sanguine armour 1
a: Renounce Religion


You were on level 4 of the Dungeon.
You worshipped Nemelex Xobeh.
Nemelex Xobeh was aware of your devotion.
You were hungry.

You visited 1 branch of the dungeon, and saw 4 of its levels.

You collected 242 gold pieces.

Inventory:

Hand Weapons
 a - a +0 trident (weapon)
Armour
 b - a +0 scale mail (worn)
 c - a +0 shield (worn)
Jewellery
 m - a +4 ring of dexterity {unknown}
 z - an uncursed ring of see invisible {unknown}
Scrolls
 e - 4 scrolls of remove curse {unknown}
 k - a scroll of blinking {unknown}
 n - 3 scrolls of recharging {unknown}
 o - a scroll of magic mapping {unknown}
 p - a scroll of enchant armour {unknown}
 r - a scroll of teleportation {unknown}
 t - 5 scrolls of identify {unknown}
Potions
 d - a potion of might
 h - 5 potions of heal wounds {unknown}
 i - a potion of ambrosia {unknown}
 q - a potion of invisibility {unknown}
 u - a potion of agility {unknown}
 w - a potion of curing {unknown}
 x - a potion of haste {unknown}
 A - 3 potions of degeneration {unknown}
Miscellaneous
 l - a plain deck of summoning {drawn: 2}
 s - a plain deck of destruction {drawn: 2}
 y - an ornate deck of summoning {drawn: 1}
Comestibles
 f - 5 bread rations
 g - 2 meat rations
 j - 2 fruits
 v - 2 royal jellies


   Skills:
 + Level 3.6 Fighting
 * Level 3.2 Polearms
 + Level 3.4 Armour
 + Level 3.7 Shields
 * Level 3.0 Invocations


You had 4 spell levels left.
You didn't know any spells.

Dungeon Overview and Level Annotations

Branches:
Dungeon (4/15)
 Temple: D:4-7

Altars:
Gozag
Nemelex Xobeh
Trog

Annotations:
D:4 2 transporters


Innate Abilities, Weirdness & Mutations

You have large cloven feet.
When seriously injured, your bleeding wounds create armour. (AC +6)


Message History

The orc priest is lightly wounded.
You block the orc priest's attack. The orc barely misses you.
You barely miss the orc priest.
The orc priest is lightly wounded.
You block the orc priest's attack. You block the orc's attack.
The orc priest hits you but does no damage.
You hit the orc priest. You kick the orc priest.
The orc priest is heavily wounded.
You block the orc's attack.
The orc priest begins to cast a cantrip, but forgets the words!
You closely miss the orc priest. Your kick misses the orc priest.
The orc priest is heavily wounded.
The orc priest closely misses you. The orc hits you with a mace.
* * * LOW HITPOINT WARNING * * *
You hit the orc priest. You kick the orc priest.
The orc priest is heavily wounded.
The orc priest invokes the aid of Beogh against you.
Beogh smites you!
You die...
Your body glows slightly and disappears.

#.# #.##.##.##.##.#
#.# #.##.##.##.##.#
#.# #.##.#.#....#.#
#.# #.##..###.....#
#.# #.####.#....#.#
#.# #.# #......##.#
#†####.###......##.#
#.......[....#.###.#
######.###@#.#.###.#
#....oo......)#
#####.......####.#
###..........#
#.###.###### #.# #.#
#.# #.########## #.#
#........(.. #.#
############


You could see an orc priest and an orc.

Vanquished Creatures
  A scorpion (D:4)
  3 adders (D:2)
  2 oozes
  4 worms
  2 dart slugs
  3 leopard geckos
  6 orcs (D:4)
  3 giant cockroaches
  5 goblins
  5 hobgoblins
  4 kobolds
  A quokka (D:2)
  6 bats
  3 frilled lizards
  A leopard gecko skeleton (D:4)
  9 rats
58 creatures vanquished.

Vanquished Creatures (collateral kills)
  A phantom (D:4)
  Blork the orc (D:4)
  A worm (D:3)
  An orc (D:4)
4 creatures vanquished.

Grand Total: 62 creatures vanquished

Notes
Turn   | Place    | Note
-------+----------+-------------------------------------------
     0 | D:1      | vishdafish the Demonspawn Fighter began the quest for the Orb.
     0 | D:1      | Reached XP level 1. HP: 18/18 MP: 1/1
    82 | D:1      | Gained mutation: When seriously injured, your bleeding wounds create armour. (AC +6) [demonic ancestry]
    82 | D:1      | Reached XP level 2. HP: 18/24 MP: 2/2
   646 | D:2      | Reached XP level 3. HP: 15/29 MP: 3/3
   876 | D:2      | Found a sparkling altar of Nemelex Xobeh.
   896 | D:2      | Became a worshipper of Nemelex Xobeh the Trickster
   945 | D:2      | Received a gift from Nemelex Xobeh
   972 | D:2      | Reached skill level 1 in Invocations
  1085 | D:2      | Reached XP level 4. HP: 18/35 MP: 4/4
  1299 | D:2      | Received a gift from Nemelex Xobeh
  1739 | D:3      | Reached * piety under Nemelex Xobeh
  1902 | D:3      | Noticed a moth of wrath
  1905 | D:3      | Found a bloodstained altar of Trog.
  2571 | D:3      | Found an opulent altar of Gozag.
  2623 | D:4      | Found a transporter.
  2640 | D:4      | Found a transporter.
  2754 | D:4      | Received a gift from Nemelex Xobeh
  2866 | D:4      | Noticed Blork the orc
  2866 | D:4      | Noticed a phantom
  2868 | D:4      | Noticed an insubstantial wisp
  2872 | D:4      | Killed Blork the orc
  2872 | D:4      | Gained mutation: You have large cloven feet. [demonic ancestry]
  2872 | D:4      | Reached XP level 5. HP: 33/41 MP: 6/6
  2881 | D:4      | Killed a phantom
  2966 | D:4      | Killed from afar by an orc priest

Skill      XL: |  1  2  3  4  5 |
---------------+----------------+-----
Shields        | 3 |  3.7
Polearms       | 2 3 |  3.2
Armour         | 3 |  3.4
Invocations    | 1 2 3 |  3.0
Fighting       | |  3.6

Action                   |  1- 3 |  4- 6 || total
-------------------------+-------+-------++-------
Melee: Trident           |   114 |   128 ||   242
       Kick              |       |     4 ||     4
Evoke: Deck              |       |     5 ||     5
  Eat: Meat ration       |       |     1 ||     1
       Chunk             |       |     1 ||     1
Armor: Scale mail        |    39 |    40 ||    79
Dodge: Dodged            |    27 |    23 ||    50
Block: Shield            |    52 |    47 ||    99
